[Event "*** Titled Tuesday Blitz AM"]
[Site "Chess.com"]
[Date "2020.01.07"]
[Round "9"]
[White "Vuk2000"]
[Black "KRASAVCHIK2002"]
[Result "1-0"]
[WhiteElo "2670"]
[BlackElo "2472"]
[TimeControl "180+2"]
[EndTime "11:04:06 PST"]
[Termination "Vuk2000 won by resignation"]

1. d4 Nf6 2. Bg5 e6 3. e4 h6 4. Bxf6 Qxf6 5. c3 d5 6. Bd3 dxe4 7. Bxe4 c5 8. Nf3 cxd4 9. Nxd4 Bc5 10. Nf3 O-O 11.
Nbd2 Nd7 12. Qe2 Qf4 13. Bc2 Nf6 14. Qe5 Qxe5+ 15. Nxe5 Rd8 16. Ne4 Be7 17. Ke2 b6 18. Nc6 Rd7 19. Nxe7+ Rxe7 20. Nxf6+ gxf6 21. Be4 Bb7 22. Bxb7 Rxb7 23. Rhd1 Rc8 24. Rd3 Kh7 25. Rad1 Rbc7 26.
Rd8 Kg6 27. Rxc8 Rxc8 28. Rd7 a5 29. Rd6 b5 30. Kd3 Kf5 31. b3 Ke5 32. Ra6 Rc4 1-0

[Event "*** Titled Tuesday Blitz AM"]
[Site "Chess.com"]
[Date "2020.01.07"]
[Round "9"]
[White "Anna_ChessMate"]
[Black "Grieve72"]
[Result "1-0"]
[WhiteElo "2568"]
[BlackElo "2320"]
[TimeControl "180+2"]
[EndTime "11:04:08 PST"]
[Termination "Anna_ChessMate won by resignation"]

1. d4 f5 2. c4 Nf6 3. Nc3 d6 4. Bg5 Nbd7 5. Qc2 g6 6. h4 c6 7.
e4 fxe4 8. Nxe4 Bg7 9. Nf3 h6 10.
Nxf6+ Nxf6 11. Qxg6+ Kf8 12. Bd2 Qe8 13. Qc2 Qh5 14.
O-O-O b5 15. cxb5 cxb5 16. Kb1 Bb7 17. Bd3 Rc8 18. Qb3 a6 19. Be3 Bd5 20. Qa3 Kf7 21. Rc1 Qg4 22. h5 Ne4 23. Rh4 Rxc1+ 24. Bxc1 Qe6 25. Rf4+ Bf6 26. Bc2 Nxf2 27. Nd2 Qe1 28. Qg3 Bxa2+ 29. Kxa2 Qxc1 30. Qg6+ Ke6 31. Rxf2 Rc8 32.
Qg4+ Kd5 33. Qxc8 1-0

[Event "*** Titled Tuesday Blitz AM"]
[Site "Chess.com"]
[Date "2020.01.07"]
[Round "9"]
[White "Gnechko_Ruslan"]
[Black "Hydrargyrum_Girl"]
[Result "1-0"]
[WhiteElo "2477"]
[BlackElo "2223"]
[TimeControl "180+2"]
[EndTime "11:04:10 PST"]
[Termination "Gnechko_Ruslan won by resignation"]

1. e4 e5 2. Nf3 Nc6 3. Bc4 Bc5 4. c3 Nf6 5. d3 O-O 6. a4 a5 7. Nbd2 d5 8. exd5 Nxd5 9. Ne4 Bb6 10. h3 Nf4 11.
Bxf4 exf4 12. O-O h6 13. d4 g5 14. Re1 Bf5 15. Nh2 Re8 16. Qh5 Bxe4 17. Rxe4 Rxe4 18. Qg6+ Kh8 19. Qxh6+ Kg8 20. Qg6+ Kh8 21. Qxe4 Qe7 22. Qxe7 Nxe7 23. Bxf7 Rf8 24. Bc4 Kg7 25.
Re1 Nc8 26. Nf3 Nd6 27. Bd5 c6 28. Bb3 Kg6 29. Re6+ Rf6 30. Bc2+ Kg7 31. Nxg5 Rxe6 32. Nxe6+ Kf6 33. Nxf4 Nc4 34. Nd3 1-0

[Event "*** Titled Tuesday Blitz AM"]
[Site "Chess.com"]
[Date "2020.01.07"]
[Round "9"]
[White "muran29"]
[Black "ExcitingTrap"]
[Result "1-0"]
[WhiteElo "2504"]
[BlackElo "2328"]
[TimeControl "180+2"]
[EndTime "11:04:16 PST"]
[Termination "muran29 won by checkmate"]

1. d4 d6 2. c4 e5 3. dxe5 dxe5 4. Qxd8+ Kxd8 5. g3 Be6 6. Nd2 c6 7. Bh3 f5 8. Ngf3 Nd7 9. Ng5 Ke7 10. Nxe6 Kxe6 11. e4 g6 12. O-O Ngf6 13. f4 Bc5+ 14. Kg2 Ng4 15. exf5+ gxf5 16. Nf3 h6 17. fxe5 Ndxe5 18. Nxe5 Kxe5 19. Bf4+ Kd4 20. Rac1 Rad8 21. Rfd1+ Ke4 22. Re1+ Ne3+ 23. Bxe3 Bxe3 24. Rc3 Rd2+ 25. Kh1 f4 26. gxf4 Kxf4 27. Rcxe3 Rxb2 28. Re4+ Kg5 29. Rg1+ Kf6 30.
Rf1+ Kg5 31. Rg4+ Kh5 32. Rf5# 1-0

[Event "*** Titled Tuesday Blitz AM"]
[Site "Chess.com"]
[Date "2020.01.07"]
[Round "9"]
[White "karinachess1"]
[Black "TBergh98"]
[Result "1-0"]
[WhiteElo "2469"]
[BlackElo "2347"]
[TimeControl "180+2"]
[EndTime "11:04:23 PST"]
[Termination "karinachess1 won by resignation"]

1. e4 Nf6 2. e5 Nd5 3. d4 d6 4.
Nf3 dxe5 5. Nxe5 c6 6. g3 Bf5 7. Bg2 e6 8. O-O Nd7 9. c3 Nxe5 10. dxe5 Be7 11. Nd2 O-O 12. Ne4 Qc7 13. f4 Rad8 14.
Qe2 b5 15. Bd2 a6 16. g4 Bxe4 17. Bxe4 Nb6 18. Rae1 Nc4 19. Bc1 Qb6+ 20. Kh1 Bh4 21. Rd1 Rxd1 22. Rxd1 Rd8 23. b3 Na5 24. Rxd8+ Qxd8 25. g5 c5 26. Qh5 g6 27. Qe2 Qc7 28. Be3 c4 29. b4 Nc6 30. Qd2 Ne7 31. Qd6 Qxd6 32. exd6 Nf5 33. Bxf5 Kf8 34. Be4 Ke8 35. Bc6+ 1-0

[Event "*** Titled Tuesday Blitz AM"]
[Site "Chess.com"]
[Date "2020.01.07"]
[Round "9"]
[White "Fandorine"]
[Black "sganerdene"]
[Result "1-0"]
[WhiteElo "2868"]
[BlackElo "2646"]
[TimeControl "180+2"]
[EndTime "11:04:31 PST"]
[Termination "Fandorine won by resignation"]

1. d4 Nf6 2. Bf4 g6 3. Nc3 d5 4. Qd2 Bg7 5. Bh6 Bxh6 6. Qxh6 Bf5 7. O-O-O Nc6 8. f3 a6 9. g4 Be6 10. Nh3 Qd6 11. e3 O-O-O 12. Nf4 Na5 13. h4 Rhg8 14. Nxe6 fxe6 15. g5 Nh5 16. Bh3 Ng3 17. Rhg1 Nc4 18.
Rxg3 Qxg3 19. Bxe6+ Kb8 20. Bxg8 Rxg8 21. Qxh7 Rf8 22.
Qxe7 Qxf3 23. Nxd5 c6 24. Nf6 Rh8 25. b3 Nxe3 26. Rd3 Qf1+ 27. Kb2 Nd1+ 28. Ka3 Nf2 29. Nd7+ Ka8 30. Rf3 Qc1+ 31. Ka4 Qxc2 32. Rf8+ Ka7 33. Qc5+ Qxc5 34. dxc5 Rxh4+ 35. Ka5 b6+ 36. cxb6+ 1-0

[Event "*** Titled Tuesday Blitz AM"]
[Site "Chess.com"]
[Date "2020.01.07"]
[Round "9"]
[White "LLRChess"]
[Black "Atanejhad"]
[Result "0-1"]
[WhiteElo "2316"]
[BlackElo "2419"]
[TimeControl "180+2"]
[EndTime "11:04:32 PST"]
[Termination "Atanejhad won on time"]

1. e4 e5 2. Nf3 Nc6 3. Bb5 a6 4. Bxc6 dxc6 5. Nc3 Qf6 6. d4 exd4 7. Qxd4 Qxd4 8.
Nxd4 Bd7 9. Bf4 O-O-O 10. O-O-O Ne7 11. f3 Ng6 12. Be3 Bd6 13. g3 Rhe8 14. Bf2 Ne5 15. f4 Ng4 16. Bg1 Bb4 17. e5 f6 18. exf6 gxf6 19.
h3 Ne3 20. Bxe3 Rxe3 21. Nde2 Rde8 22. Rh2 h5 23. Rd3 Rxd3 24. cxd3 Bf5 25. Kd2 Bc5 26. Nc1 Be3+ 27. Kc2 Bxc1 28. Kxc1 Re3 29. g4 hxg4 30. hxg4 Bxg4 31. Ne4 b6 0-1

[Event "*** Titled Tuesday Blitz AM"]
[Site "Chess.com"]
[Date "2020.01.07"]
[Round "9"]
[White "Indianlad"]
[Black "SavelijTartakover"]
[Result "1-0"]
[WhiteElo "2926"]
[BlackElo "2714"]
[TimeControl "180+2"]
[EndTime "11:04:33 PST"]
[Termination "Indianlad won by resignation"]

1. c4 Nf6 2. g3 g6 3. Bg2 Bg7 4. Nc3 O-O 5. Nf3 d6 6. O-O Nc6 7. d4 e5 8. dxe5 Nxe5 9. b3 Nxf3+ 10. Bxf3 Re8 11. Bb2 Ng4 12. Qd2 Rb8 13. Rad1 Bf5 14. Nd5 c6 15. Bxg7 Kxg7 16. Bxg4 Bxg4 17. Qd4+ f6 18.
Qxg4 cxd5 19. Rxd5 Re5 20. Rfd1 Rxd5 21. Rxd5 Qe7 22.
e3 b6 23. Qd4 Rd8 24. b4 h5 25. h4 Qe6 26. a3 Qe7 27. Qd3 Qc7 28. c5 bxc5 29.
bxc5 Rb8 30. Rxd6 Qxc5 31. Rd7+ Kh6 32. Qe4 Qf5 33. Qxf5 gxf5 34. Rxa7 Rb2 35. Ra4 Ra2 36. Rf4 Rxa3 37. Rxf5 Kg6 38. Rf4 Ra2 39. Kg2 Rb2 40. Rd4 Ra2 41. e4 Rb2 42. Kf3 Ra2 43. Ke3 Rb2 44.
f3 Rb5 45. Kf4 Ra5 46. Rd5 Ra4 47. g4 hxg4 48. Kxg4 Ra3 49. h5+ Kh6 50. f4 Ra4 51.
Kf5 Rb4 52. e5 fxe5 53. fxe5 Kg7 54. Rd7+ Kf8 55. h6 Kg8 56. e6 Rb1 57. h7+ Kh8 58. e7 Re1 59. Rd8+ 1-0

[Event "*** Titled Tuesday Blitz AM"]
[Site "Chess.com"]
[Date "2020.01.07"]
[Round "9"]
[White "ChessyInstinct"]
[Black "Er_is_geen_hoop_meer"]
[Result "1-0"]
[WhiteElo "2442"]
[BlackElo "2336"]
[TimeControl "180+2"]
[EndTime "11:04:35 PST"]
[Termination "ChessyInstinct won by resignation"]

1. d4 f5 2. Nc3 Nf6 3. Bg5 d5 4. Bxf6 exf6 5. e3 Be6 6. Bd3 c6 7. Qf3 g6 8. Nge2 Na6 9. a3 Nc7 10. h4 h5 11. Nf4 Kf7 12. O-O-O Bd6 13. Rdg1 b5 14. Nxg6 Kxg6 15. g4 hxg4 16. Qxg4+ Kf7 17. Qg7+ Ke8 18. Qxh8+ Kd7 19. Rg7+ Be7 20. Qxd8+ Rxd8 21. Ne2 Rh8 22. Nf4 Ne8 23. Rxe7+ Kxe7 24. Ng6+ Kf7 25. Nxh8+ Kg7 26. Kd2 Kxh8 27. c3 Nd6 28. a4 a5 29. axb5 cxb5 30. b3 Bd7 31. Ra1 Nb7 32.
c4 dxc4 33. bxc4 b4 34. c5 a4 35. Bc4 Na5 36. Kd3 Nb7 37. Ba6 Na5 38. Bc4 Nb7 39.
f3 b3 40. Kc3 Na5 41. d5 b2 42. Rb1 a3 43. Ba2 Bb5 44. Kb4 Bc4 45. Kxa3 Be2 46.
Rxb2 Bxf3 47. Rb8+ Kg7 48. Kb4 Bxd5 49. Bxd5 f4 50. exf4 1-0

[Event "*** Titled Tuesday Blitz AM"]
[Site "Chess.com"]
[Date "2020.01.07"]
[Round "9"]
[White "AntonSmirnov"]
[Black "Alexander_Donchenko"]
[Result "0-1"]
[WhiteElo "2883"]
[BlackElo "2759"]
[TimeControl "180+2"]
[EndTime "11:04:37 PST"]
[Termination "Alexander_Donchenko won by resignation"]

1. e4 e6 2. d4 d5 3. Nc3 Nf6 4.
e5 Nfd7 5. f4 c5 6. Nf3 Be7 7. Be3 b6 8. h4 h5 9. Qd2 g6 10.
O-O-O Nc6 11. Ng5 c4 12. Be2 b5 13. Nxb5 Rb8 14. Nd6+ Bxd6 15. exd6 Nb4 16. Kb1 Ba6 17. c3 Nd3 18. Bxd3 cxd3 19. f5 gxf5 20. Bf4 Qa5 21.
Rhe1 Bc4 22. b4 Qa3 23. Qb2 Qa4 24. Bc1 a5 25. Qa3 Qc2+ 26. Ka1 axb4 27. cxb4 Rxb4 28. Bb2 Ra4 29. Rc1 Rxa3 30. Rxc2 Rxa2+ 31. Kb1 dxc2+ 32. Kxc2 O-O 0-1

[Event "*** Titled Tuesday Blitz AM"]
[Site "Chess.com"]
[Date "2020.01.07"]
[Round "9"]
[White "wannabe2700"]
[Black "RubensCezila"]
[Result "1-0"]
[WhiteElo "2774"]
[BlackElo "2587"]
[TimeControl "180+2"]
[EndTime "11:04:37 PST"]
[Termination "wannabe2700 won on time"]

1. e4 c5 2. Nf3 d6 3. d4 cxd4 4.
Nxd4 Nf6 5. Nc3 a6 6. Be3 e5 7.
Nb3 Be7 8. f3 Be6 9. Qd2 O-O 10.
O-O-O a5 11. Bb5 Nc6 12. a4 Nb4 13. Qf2 d5 14. exd5 Nfxd5 15. Nxd5 Bxd5 16. Bc5 Bxc5 17. Nxc5 Rc8 18. c3 b6 19. cxb4 axb4 20. Kb1 Rxc5 21. Qd2 b3 22. Bd3 Qa8 23. Qb4 Rfc8 24. Rhe1 Qc6 25. Be4 Bxe4+ 26. Qxe4 Qc7 27. f4 Rc2 28.
Qxe5 Qc6 29. Qe4 Qxe4 30. Rxe4 Rxg2 31. Rc4 Re8 32. Rb4 h5 33. Rxb3 Rxh2 34. Rxb6 h4 35. a5 1-0

[Event "*** Titled Tuesday Blitz AM"]
[Site "Chess.com"]
[Date "2020.01.07"]
[Round "9"]
[White "mortngabriel"]
[Black "garfield_pg"]
[Result "1-0"]
[WhiteElo "2383"]
[BlackElo "2356"]
[TimeControl "180+2"]
[EndTime "11:04:37 PST"]
[Termination "mortngabriel won by resignation"]

1. e4 c5 2. Nf3 a6 3. c3 d6 4. d4 Nc6 5. dxc5 Nf6 6. cxd6 Nxe4 7. Bd3 Nxd6 8. O-O Bg4 9. Re1 e6 10. Nbd2 Be7 11. Nf1 O-O 12. Ng3 Qc7 13. h3 Bxf3 14. Qxf3 Rfd8 15. Qg4 Ne8 16. Bc2 Nf6 17. Qh4 Ne5 18.
Bf4 Bd6 19. Nh5 Nxh5 20. Bxe5 g6 21. Bd4 Bc5 22. Be5 Bd6 23. Bxd6 Rxd6 24. Rad1 Rad8 25. Rxd6 Rxd6 26. Rd1 Qd7 27. Rxd6 Qxd6 28. Qe4 b5 29. Qe3 Kg7 30. g3 Nf6 31. Qd3 h5 32. Qxd6 1-0

[Event "*** Titled Tuesday Blitz AM"]
[Site "Chess.com"]
[Date "2020.01.07"]
[Round "9"]
[White "ShahMatKanal"]
[Black "Leonid_Starozhilov"]
[Result "1-0"]
[WhiteElo "2551"]
[BlackElo "2687"]
[TimeControl "180+2"]
[EndTime "11:04:40 PST"]
[Termination "ShahMatKanal won by resignation"]

1. d4 Nf6 2. Bf4 d5 3. e3 c6 4.
c3 Bg4 5. Be2 h5 6. Nd2 Nbd7 7.
h3 Bxe2 8. Qxe2 Qb6 9. Nb3 g6 10. Nf3 Bg7 11. Ne5 a5 12. Nxd7 Nxd7 13. O-O O-O 14. Rab1 e5 15. Bg5 Rfe8 16. Qc2 Re6 17. Nd2 Rae8 18. b3 c5 19. dxe5 Nxe5 20. c4 d4 21. exd4 cxd4 22. Bf4 Qc6 23. Bxe5 Rxe5 24.
Qd3 Re2 25. a3 Qc7 26. Nf3 Qf4 27. b4 axb4 28. axb4 g5 29. Rfe1 Rxe1+ 30. Rxe1 Rd8 31. Re4 Qf5 32. Re8+ Rxe8 33. Qxf5 Rd8 34. Nxg5 f6 35. Qh7+ Kf8 36. Ne6+ 1-0

[Event "*** Titled Tuesday Blitz AM"]
[Site "Chess.com"]
[Date "2020.01.07"]
[Round "9"]
[White "2nd_life"]
[Black "sandromareco"]
[Result "1-0"]
[WhiteElo "2506"]
[BlackElo "2764"]
[TimeControl "180+2"]
[EndTime "11:04:42 PST"]
[Termination "2nd_life won by resignation"]

1. e4 c6 2. d4 d5 3. e5 Bf5 4. h4 h5 5. Bd3 Bxd3 6. Qxd3 e6 7. Nf3 Qa5+ 8. Nbd2 Qa6 9. Qxa6 Nxa6 10. a3 c5 11. c4 Ne7 12. dxc5 Nxc5 13. b4 Nd3+ 14. Ke2 Nf4+ 15.
Kf1 Rc8 16. g3 Nd3 17. Ke2 dxc4 18. Nxc4 Rxc4 19. Kxd3 Rc8 20. Be3 b6 21. Rac1 Rd8+ 22.
Ke4 Nd5 23. Nd4 a5 24. Nc6 Ra8 25. bxa5 bxa5 26. a4 Ba3 27. Rc4 O-O 28. Bd2 Rfc8 29. Ra1 Bb4 30. Bxb4 axb4 31. Kd4 b3 32. Rb1 Ra7 33.
Nxa7 Ra8 34. Nc6 1-0

[Event "*** Titled Tuesday Blitz AM"]
[Site "Chess.com"]
[Date "2020.01.07"]
[Round "9"]
[White "lucasmito"]
[Black "manitodeplomo"]
[Result "0-1"]
[WhiteElo "2468"]
[BlackElo "2694"]
[TimeControl "180+2"]
[EndTime "11:04:49 PST"]
[Termination "manitodeplomo won by resignation"]

1. e4 c5 2. Nf3 e6 3. Nc3 Nc6 4.
d4 cxd4 5. Nxd4 Nf6 6. Be2 Bb4 7. O-O Bxc3 8. bxc3 Nxe4 9. Bd3 Nf6 10. Ba3 Nxd4 11.
cxd4 d6 12. Qf3 O-O 13. Qg3 Ne8 14. Rab1 Qc7 15. Rb5 Bd7 16. Rh5 f5 17. d5 e5 18.
Qh3 Nf6 19. Bxf5 Bxf5 20. Rxf5 Nxd5 21. Rxf8+ Rxf8 22. Qe6+ Qf7 23. Qxd6 Re8 24. Re1 e4 25. Bb2 h6 26. Qc5 Nf4 27. Qd6 Re6 28. Qd8+ Kh7 29. Qd4 Rg6 30. Qxe4 Nh3+ 0-1

[Event "*** Titled Tuesday Blitz AM"]
[Site "Chess.com"]
[Date "2020.01.07"]
[Round "9"]
[White "sergeikim"]
[Black "goldenspine"]
[Result "1-0"]
[WhiteElo "2449"]
[BlackElo "2325"]
[TimeControl "180+2"]
[EndTime "11:04:49 PST"]
[Termination "sergeikim won by resignation"]

1. d4 Nf6 2. c4 g6 3. Nc3 d5 4. cxd5 Nxd5 5. e4 Nxc3 6. bxc3 Bg7 7. Bc4 c5 8. Ne2 O-O 9. O-O Nc6 10. Be3 cxd4 11.
cxd4 e6 12. Rb1 Qe7 13. Qd2 b6 14. Bh6 Rd8 15. Bxg7 Kxg7 16. d5 Na5 17. Bb3 Nxb3 18. Rxb3 exd5 19. exd5 Bb7 20. Nf4 Rd6 21. Re1 Qf6 22. Rf3 Qd8 23. Qd4+ Kg8 24. Rfe3 Qf6 25. Qe4 Rad8 26. h4 Bxd5 27. Nxd5 Rxd5 28. Qa4 R8d7 29.
h5 Rd4 30. Qb5 Rd2 31. Rf3 Qd4 32. h6 Rd1 33. Rxd1 Qxd1+ 34. Kh2 Qd6+ 35. g3 Qd5 36. Qe2 Qe6 37. Re3 1-0

[Event "*** Titled Tuesday Blitz AM"]
[Site "Chess.com"]
[Date "2020.01.07"]
[Round "9"]
[White "kinga2008"]
[Black "Mikasinski"]
[Result "0-1"]
[WhiteElo "1849"]
[BlackElo "2301"]
[TimeControl "180+2"]
[EndTime "11:04:50 PST"]
[Termination "Mikasinski won by resignation"]

1. e4 e6 2. d4 d5 3. Nc3 Bb4 4. e5 c5 5. a3 Bxc3+ 6. bxc3 Ne7 7. Qg4 Qc7 8. Qxg7 Rg8 9. Qxh7 cxd4 10. Ne2 dxc3 11.
f4 Nbc6 12. Qd3 Nf5 13. Qxc3 Bd7 14. Bd2 Rc8 15. Qd3 Na5 16. Bxa5 Qxa5+ 17. Qd2 Qc5 18. Qb4 Ne3 19. Qxc5 Rxc5 20. Kd2 Nxf1+ 21. Raxf1 Rxg2 22. Rfg1 Rf2 23. Ke3 Rxe2+ 24. Kxe2 Rxc2+ 25. Kd3 Ra2 26. Ra1 Bb5+ 27. Kc3 Rf2 28. h4 Rxf4 29. h5 d4+ 30. Kd2 Rf2+ 31. Kd1 Bc6 32. Rg1 Bf3+ 33.
Ke1 Re2+ 34. Kf1 Bxh5 35. Rg5 Rh2 36. Re1 Bg6 37. Kg1 Ra2 38. Rc1 Rxa3 39. Rc7 d3 40. Rxb7 d2 41. Rb8+ Kd7 0-1

[Event "*** Titled Tuesday Blitz AM"]
[Site "Chess.com"]
[Date "2020.01.07"]
[Round "9"]
[White "chess4ever007"]
[Black "nonscitis"]
[Result "0-1"]
[WhiteElo "2433"]
[BlackElo "2566"]
[TimeControl "180+2"]
[EndTime "11:04:51 PST"]
[Termination "nonscitis won by resignation"]

1. Nf3 c5 2. c4 g6 3. e4 Bg7 4.
d4 cxd4 5. Nxd4 Nc6 6. Be3 Nf6 7. Nc3 O-O 8. f3 d6 9. Nc2 a5 10. Be2 a4 11. O-O Nd7 12. Na3 Qa5 13. Qd2 b6 14. Rfd1 Ba6 15. Rac1 Rfc8 16. Nd5 Qxd2 17. Rxd2 Rab8 18.
Nc3 Nc5 19. Bxc5 bxc5 20. Nxa4 Nd4 21. b3 Bh6 22. Rcd1 Bxd2 23. Rxd2 Bb7 24. Nb5 Bc6 25.
Nxd4 cxd4 26. Nb2 e5 27. Bd3 Ra8 28. Bb1 Rcb8 29. Nd3 Kf8 30. Kf2 Ke7 31. Ke1 f5 32. Nf2 fxe4 33. Nxe4 d5 34. cxd5 Bxd5 35. Nc5 Rc8 36.
Nd3 Kf6 37. Re2 Rc3 38. Kd2 Re8 39. Nf2 h5 40. Be4 Be6 41. Bb1 Bf5 42. Be4 Rec8 43.
Nd1 Bxe4 44. fxe4 Rc2+ 45. Kd3 Rxe2 46. Kxe2 Rc2+ 47. Kf3 Rxa2 48. Nf2 Ra3 0-1

[Event "*** Titled Tuesday Blitz AM"]
[Site "Chess.com"]
[Date "2020.01.07"]
[Round "9"]
[White "Alexander_Moskalenko"]
[Black "Msb2"]
[Result "0-1"]
[WhiteElo "2814"]
[BlackElo "2899"]
[TimeControl "180+2"]
[EndTime "11:05:00 PST"]
[Termination "Msb2 won by resignation"]

1. d4 Nf6 2. Bg5 d5 3. Bxf6 gxf6 4. e3 c5 5. c4 cxd4 6. Qxd4 dxc4 7. Qxd8+ Kxd8 8.
Bxc4 e6 9. Nc3 a6 10. O-O-O+ Ke7 11. Be2 Bd7 12. Bf3 Nc6 13. Nge2 f5 14. Nd4 Rc8 15.
Nxc6+ Bxc6 16. Bxc6 Rxc6 17. Kb1 Bg7 18. Ne2 Rhc8 19.
Rd2 Rd6 20. Rxd6 Kxd6 21. Rd1+ Ke7 22. Nf4 Be5 23. g3 Bxf4 24. exf4 h5 25. h4 f6 26. Rd3 e5 27. Rb3 b5 28. Rb4 Kd6 29. a4 Rc4 30. Rxc4 bxc4 31. Kc2 e4 32. Kc3 Kc5 33. a5 Kd5 34.
Kc2 Kc6 35. Kd2 Kb5 36. Kc3 Kc5 37. Kc2 Kb4 38. Kd2 Kxa5 39. Kc3 Kb5 40. b4 cxb3 41. g4 fxg4 42. Kxb3 e3 43. f5 exf2 0-1

[Event "*** Titled Tuesday Blitz AM"]
[Site "Chess.com"]
[Date "2020.01.07"]
[Round "9"]
[White "Ariadna_Atreides"]
[Black "Alopekos"]
[Result "1-0"]
[WhiteElo "2061"]
[BlackElo "2419"]
[TimeControl "180+2"]
[EndTime "11:05:04 PST"]
[Termination "Ariadna_Atreides won on time"]

1. d4 Nf6 2. Nf3 e6 3. e3 c5 4. Bd3 b6 5. O-O Bb7 6. b3 d5 7. Bb2 Bd6 8. Nbd2 Nbd7 9. Ne5 Qc7 10. Ndf3 Ne4 11. Bb5 Nf6 12. Nxd7 Nxd7 13. dxc5 bxc5 14. Bxg7 Rg8 15. Bf6 a6 16. Bxd7+ Qxd7 17. Be5 Qc7 18. Bxd6 Qxd6 19. c4 O-O-O 20. cxd5 Bxd5 21. Qe2 Qc6 22. Kh1 e5 23. Rac1 h5 24. Rc2 h4 25. Rfc1 Kb8 26. Rxc5 Qb7 27. e4 Bxe4 28. Rxe5 Bd5 29. Re7 Qa8 30. Qe5+ 1-0

[Event "*** Titled Tuesday Blitz AM"]
[Site "Chess.com"]
[Date "2020.01.07"]
[Round "9"]
[White "AleksanderHnydiuk"]
[Black "MartinMatthiesen"]
[Result "1-0"]
[WhiteElo "2483"]
[BlackElo "2531"]
[TimeControl "180+2"]
[EndTime "11:05:06 PST"]
[Termination "AleksanderHnydiuk won by resignation"]

1. Nf3 d5 2. d4 Nf6 3. c4 e6 4.
g3 Be7 5. Bg2 O-O 6. Qc2 dxc4 7.
Qxc4 a6 8. Qc2 Nc6 9. O-O Nxd4 10. Nxd4 Qxd4 11. Qxc7 Qd6 12. Qxd6 Bxd6 13. Nd2 Rb8 14. Nc4 Bc7 15. Bf4 Bxf4 16. gxf4 Bd7 17. Nd6 b6 18. Rac1 Rfd8 19. Rfd1 Ba4 20. b3 Be8 21. Rd3 Nd5 22. Nxe8 Rxe8 23. Bxd5 exd5 24. e3 Red8 25. Rcd1 Rbc8 26.
Rxd5 Rxd5 27. Rxd5 Kf8 28. Rd6 Rc2 29. a4 b5 30.
axb5 axb5 31. Rd5 Rb2 32. Rxb5 g6 33. Rb7 h5 34. Kg2 Kg7 35. Kf3 Kf6 36. h3 Ke6 37. Rb6+ Ke7 38. Kg3 Kf8 39. f5 g5 40. f6 Kg8 41.
Rb5 h4+ 42. Kf3 Kh7 43. Rxg5 Rxb3 44. Rg7+ Kh6 45. Rxf7 Rb1 46. Kg4 Kg6 47. Rf8 Rf1 48. f4 Rg1+ 49. Kxh4 Rg2 50. Rg8+ 1-0

[Event "*** Titled Tuesday Blitz AM"]
[Site "Chess.com"]
[Date "2020.01.07"]
[Round "9"]
[White "WorldChampionBulletChess"]
[Black "Quiet_Desperation"]
[Result "0-1"]
[WhiteElo "2113"]
[BlackElo "2392"]
[TimeControl "180+2"]
[EndTime "11:05:07 PST"]
[Termination "Quiet_Desperation won by checkmate"]

1. d4 Nf6 2. c4 e6 3. a3 d5 4.
Nc3 Be7 5. Nf3 dxc4 6. e4 O-O 7.
Bxc4 c5 8. Be3 Nc6 9. d5 Na5 10. Ba2 exd5 11. exd5 c4 12. O-O Bg4 13. h3 Bh5 14. g4 Bg6 15. Ne5 Bd6 16. Nxg6 hxg6 17. Qf3 Qe7 18. Rfe1 Qe5 19. Qg2 Rfe8 20. Rad1 Nd7 21.
Bd4 Qxe1+ 22. Rxe1 Rxe1+ 23. Qf1 Rxf1+ 24. Kxf1 Be5 25. Be3 Bxc3 26. bxc3 Nb6 27. Ke2 Nxd5 28. Bd4 Nc6 29.
Bxc4 Nxd4+ 30. cxd4 Nb6 31. Bb3 Kf8 32. Ke3 f6 33. f4 Ke7 34. h4 Rc8 35. Kd3 Rc1 36. h5 gxh5 37. gxh5 Ra1 38. a4 Nxa4 39. Ke4 Nb6 40.
Kf5 a5 41. Kg6 Rg1+ 42. Kh7 a4 43. Ba2 a3 44. f5 Na4 45. Bf7 Kxf7 46. d5 a2 47. d6 a1=Q 48. d7 Qd4 49. h6 Qxd7 50. Kh8 Qe8+ 51. Kh7 Qg8# 0-1

[Event "*** Titled Tuesday Blitz AM"]
[Site "Chess.com"]
[Date "2020.01.07"]
[Round "9"]
[White "norwaytoadog"]
[Black "Kotofeyca"]
[Result "1/2-1/2"]
[WhiteElo "2309"]
[BlackElo "2396"]
[TimeControl "180+2"]
[EndTime "11:05:08 PST"]
[Termination "Game drawn by repetition"]

1. e4 c5 2. Nf3 d6 3. Bb5+ Bd7 4. Bxd7+ Qxd7 5. O-O Nf6 6. Qe2 Nc6 7. Rd1 e6 8. d4 cxd4 9. Nxd4 a6 10. c4 Be7 11.
Nc3 O-O 12. b3 Rab8 13. Bb2 Nxd4 14. Rxd4 Qc7 15. Rc1 Rfc8 16. a4 Qa5 17. Rd3 Nd7 18.
Rg3 Bf6 19. Ba3 Be5 20. Rh3 b5 21. b4 Qc7 22. cxb5 Bxc3 23. Rhxc3 Qxc3 24. Rxc3 Rxc3 25. Bb2 Rc7 26. h4 axb5 27. a5 Ne5 28. Bxe5 dxe5 29. Qb2 f6 30. Qb3 Rc4 31. f3 h6 32. h5 Kh7 33. Kh2 Rd8 34. a6 Ra8 35. Qa3 Rc6 36. Qa5 Raxa6 37. Qxb5 Rab6 38. Qa5 Rb7 39. Qa8 Rcb6 40. Qe8 Rc7 41. Qg6+ Kh8 42. Qe8+ Kh7 43. Qg6+ Kg8 44. Qe8+ Kh7 1/2-1/2

[Event "*** Titled Tuesday Blitz AM"]
[Site "Chess.com"]
[Date "2020.01.07"]
[Round "9"]
[White "Alex_Molchanov"]
[Black "cancrushyou"]
[Result "0-1"]
[WhiteElo "2561"]
[BlackElo "2473"]
[TimeControl "180+2"]
[EndTime "11:05:09 PST"]
[Termination "cancrushyou won by resignation"]

1. d4 d5 2. Nf3 e6 3. g3 Nf6 4.
Bg2 Be7 5. O-O O-O 6. c4 dxc4 7. Qc2 b6 8. Nbd2 Bb7 9. Nxc4 c5 10. Rd1 Nbd7 11. dxc5 Bxc5 12. Bg5 Rc8 13. Bxf6 gxf6 14.
Qd2 Bxf3 15. Bxf3 Ne5 16. Nxe5 Qxd2 17. Rxd2 fxe5 18. Rd7 Bd4 19. e3 Bxb2 20. Rb1 Ba3 21. Rxa7 Bc5 22. Rd1 Rfd8 23. Rdd7 Rxd7 24. Rxd7 Kg7 25.
h4 Kg6 26. h5+ Kf6 27. Be4 h6 28. a4 Bb4 29. Kg2 Rc3 30. Bd3 Ra3 31. Bb5 Ra2 32.
Rd1 Bc5 33. Kf3 e4+ 34. Kxe4 Rxf2 35. Rd8 Rg2 36. Kf3 Ra2 37. Rh8 Ra3 38. Be8 Rxe3+ 39.
Kf4 Kg7 0-1

[Event "*** Titled Tuesday Blitz AM"]
[Site "Chess.com"]
[Date "2020.01.07"]
[Round "9"]
[White "mikhaillushenkov"]
[Black "FMAntonio"]
[Result "1-0"]
[WhiteElo "2656"]
[BlackElo "2505"]
[TimeControl "180+2"]
[EndTime "11:05:15 PST"]
[Termination "mikhaillushenkov won by checkmate"]

1. Nf3 d5 2. e3 Nf6 3. c4 e6 4. b3 Be7 5. Bb2 c5 6. cxd5 exd5 7. Be2 O-O 8. O-O Nc6 9. d3 Be6 10. Nbd2 d4 11. e4 Nd7 12. Rc1 Rc8 13. Ne1 f5 14. f4 Nf6 15. h3 g6 16. g4 Qd7 17. g5 Ne8 18. h4 Nd6 19. Ng2 b6 20. h5 a5 21. e5 Ne8 22. Kf2 Bd5 23. Rh1 Ng7 24. hxg6 hxg6 25. Rh6 Nxe5 26. fxe5 Bxg5 27. Rxg6 Qe7 28. Nf3 Bxc1 29. Bxc1 Kf7 30. Nf4 Bxf3 31. Bxf3 Qxe5 32. Rxb6 Rh8 33. Bd5+ Ke8 34. Bd2 Rh2+ 35. Bg2 Kd7 36. Qf3 Rc7 37. Ng6 Qe8 38. Qd5+ Kc8 39.
Rb8+ Kxb8 40. Qa8# 1-0

[Event "*** Titled Tuesday Blitz AM"]
[Site "Chess.com"]
[Date "2020.01.07"]
[Round "9"]
[White "VladDobrov"]
[Black "FelixJoseYnojosa"]
[Result "1-0"]
[WhiteElo "2852"]
[BlackElo "2648"]
[TimeControl "180+2"]
[EndTime "11:05:16 PST"]
[Termination "VladDobrov won by resignation"]

1. d4 Nf6 2. c4 e6 3. Nf3 d5 4. Nc3 c6 5. e3 Bd6 6. Qc2 Nbd7 7.
Bd3 dxc4 8. Bxc4 b5 9. Bd3 Bb7 10. O-O a6 11. e4 e5 12. dxe5 Nxe5 13. Nxe5 Bxe5 14. Ne2 Rc8 15. Be3 c5 16. Ng3 Ng4 17. Bxc5 Bd4 18. b4 Qh4 19. h3 Nxf2 20. Rxf2 Qxg3 21.
Rf1 Rc6 22. Qb3 Bxf2+ 23. Rxf2 Qg6 24. a4 Qe6 25. Qa3 bxa4 26. b5 Rc8 27. bxa6 Bc6 28. a7 f6 29. Qb4 Qd7 30. Bc4 Bxe4 31. Re2 f5 32. Bb5 Rc6 33. a8=Q+ Kf7 34. Bxc6 Bxc6 1-0